 Dungeon Crawl Stone Soup version bcrawl-1.19.2-6-g6a88ae04c9 (webtiles) character file.

Game seed: 7085054537425536068

246 Mrkan the Ruffian (level 5, -3/53 HPs)
             Began as a Troll Monk on Dec 24, 2019.
             Was a Believer of Makhleb.
             Slain by a sky beast (6 damage)
             ... on level 4 of the Dungeon.
             The game lasted 00:03:05 (1956 turns).

Mrkan the Ruffian (Troll Monk)                      Turns: 1956, Time: 00:03:05

Health: -3/53      AC:  6    Str: 19    XL:     5   Next: 84%
Magic:  0/6        EV: 10    Int:  8    God:    Makhleb [**....]
Gold:   212        SH:  0    Dex: 12    Spells: 4/4 levels left

rFire    . . .     SeeInvis .     - Unarmed
rCold    . . .     Gourm    +   (no shield)
rNeg     . . .     Faith    .   (armour unavailable)
rPois    .         Spirit   +   a - +0 hat
rElec    .         Reflect  .   (no cloak)
rCorr    .         Harm     .   (gloves unavailable)
MR       .....                  (boots unavailable)
Stlth    ++........             b - amulet of guardian spirit
HPRegen  0.57/turn              (no ring)
MPRegen  0.10/turn              (no ring)

@: no status effects
A: large, almost no armour, unfitting armour, claws 3, fast metabolism 3,
gourmand, regeneration 1, AC +6
a: Minor Destruction, Renounce Religion


You were on level 4 of the Dungeon.
You worshipped Makhleb.
Makhleb was pleased with you.
You were very full.

You visited 1 branch of the dungeon, and saw 4 of its levels.

You collected 212 gold pieces.

Inventory:

Armour
 a - a +0 hat (worn)
Jewellery
 b - an amulet of guardian spirit (around neck)
Scrolls
 d - a scroll of teleportation {unknown}
 e - a scroll of identify {unknown}
 g - 3 scrolls of enchant weapon {unknown}
 h - a scroll of noise {unknown}
 k - a scroll of enchant armour {unknown}
Potions
 f - a potion of curing {unknown}
 i - a potion of ambrosia {unknown}
 l - a potion of resistance {unknown}
Comestibles
 c - 11 rations {!d}


   Skills:
 + Level 3.4 Fighting
 - Level 2.4 Dodging
 - Level 1.1 Stealth
 * Level 5.3 Unarmed Combat
 + Level 3.0 Invocations


You had 4 spell levels left.
You didn't know any spells.
Your spell library was empty.

Dungeon Overview and Level Annotations

Branches:
Dungeon (4/12)
 Temple: D:4-7

Altars:
Kikubaaqudgha
Makhleb
Qazlal
Vehumet

Annotations:
D:3 2 transporters, Quickbrownfox's ghost, amateur GrAc


Innate Abilities, Weirdness & Mutations

You cannot wear most types of armour.
Your thick skin is tough. (AC +6)
You are too large for most types of armour.
You have claws for hands.
Your metabolism is lightning-fast.
You like to eat raw meat.
Your natural rate of healing is unusually fast.


Message History

* * * LOW HITPOINT WARNING * * *
You miss something. Something hits you but does no damage.
You miss something. Something hits you.
* * * LOW HITPOINT WARNING * * *
Something shocks you.
* * * LOW HITPOINT WARNING * * *
You closely miss something.
A sky beast appears from thin air!
Reactivating autopickup.
The sky beast misses you.
You closely miss the sky beast.
The sky beast is heavily wounded.
The sky beast barely misses you.
You barely miss the sky beast.
The sky beast is heavily wounded.
You closely miss the sky beast.
The sky beast is heavily wounded.
The sky beast hits you.
* * * LOW HITPOINT WARNING * * *
The sky beast shocks you.
You die...

####
#####....
#........
.........
#........
#........
#........
#Y.......
#@.$.####
#.####
#.# ..#
... ....
....
#####.


You could see a sky beast.

Vanquished Creatures
  A crimson imp (D:3)
  A bullfrog zombie (D:3)
  A centaur skeleton (D:3)
  An iguana (D:4)
  A worker ant (D:4)
  An adder (D:3)
  3 dart slugs
  2 leopard geckos
  10 orcs (D:3)
  5 giant cockroaches
  10 goblins
  13 hobgoblins
  2 jackals (D:2)
  3 kobolds
  A quokka (D:3)
  6 bats
  3 frilled lizards
  5 rats
69 creatures vanquished.

Notes
Turn   | Place    | Note
-------+----------+-------------------------------------------
     0 | D:1      | Mrkan the Troll Monk began the quest for the Orb.
     0 | D:1      | Reached XP level 1. HP: 22/22 MP: 1/1
   107 | D:1      | Reached XP level 2. HP: 25/29 MP: 2/2
   741 | D:2      | Reached XP level 3. HP: 31/36 MP: 1/3
   823 | D:2      | Reached skill level 4 in Unarmed Combat
   989 | D:2      | Found an ancient bone altar of Kikubaaqudgha.
  1144 | D:2      | Found a burning altar of Makhleb.
  1144 | D:2      | Found a radiant altar of Vehumet.
  1149 | D:2      | Became a worshipper of Makhleb the Destroyer
  1149 | D:2      | Reached * piety under Makhleb
  1149 | D:2      | Reached ** piety under Makhleb
  1182 | D:3      | Found a transporter.
  1191 | D:3      | Found a transporter.
  1191 | D:3      | Noticed Quickbrownfox's ghost (amateur GrAc)
  1200 | D:3      | Noticed a hungry ghost
  1228 | D:3      | Found a stormy altar of Qazlal.
  1256 | D:3      | Gained mutation: Your natural rate of healing is unusually
                  | fast. [Troll growth]
  1256 | D:3      | Reached XP level 4. HP: 45/45 MP: 4/4
  1491 | D:3      | Reached XP level 5. HP: 45/53 MP: 3/6
  1554 | D:3      | Reached skill level 5 in Unarmed Combat
  1934 | D:4      | Noticed a sky beast
  1956 | D:4      | Slain by a sky beast

Skill      XL: |  1  2  3  4  5 |
---------------+----------------+-----
Unarmed Combat | 4 5 |  5.3
Fighting       | 3 |  3.4
Invocations    | 3 |  3.0
Dodging        | |  2.4
Stealth        | |  1.1

Action                   |  1- 3 |  4- 6 || total
-------------------------+-------+-------++-------
Melee: Unarmed           |    99 |    90 ||   189
       Punch             |     1 |     2 ||     3
 Stab: Sleeping          |     3 |       ||     3
  Eat: Chunk             |    11 |     5 ||    16
Armor: Skin              |    38 |    42 ||    80
Dodge: Dodged            |    71 |    53 ||   124
